 Dungeon Crawl Stone Soup version 0.20.1-1-g8b1a95d (webtiles) character file.

998 QuCean the Chopper (level 8, -9/69 HPs)
             Began as a Minotaur Fighter on Oct 13, 2017.
             Was an Initiate of Okawaru.
             Mangled by an orc warrior
             ... wielding a +0 war axe
              (12 damage)
             ... on level 6 of the Dungeon.
             The game lasted 00:13:35 (5282 turns).

QuCean the Chopper (Minotaur Fighter)               Turns: 5282, Time: 00:13:36

Health: -9/69      AC: 13    Str: 24    XL:     8   Next: 0%
Magic:  7/7        EV:  9    Int:  5    God:    Okawaru [......]
Gold:   229        SH: 10    Dex:  9    Spells: 7/7 levels left

rFire    . . .     SeeInvis .   x - +0 war axe
rCold    . . .     Gourm    .   c - +0 shield
rNeg     . . .     Faith    .   b - +0 scale mail
rPois    .         Spirit   .   (helmet restricted)
rElec    .         Reflect  .   (no cloak)
rCorr    .         Harm     .   t - +0 pair of gloves
MR       .....                  (no boots)
Stlth    ..........             (no amulet)
Regen    0.3/turn               l - +5 ring of protection
MPRegen  0.1/turn               (no ring)

@: no status effects
A: retaliatory headbutt, horns 2
a: Renounce Religion


You were on level 6 of the Dungeon.
You worshipped Okawaru.
Okawaru was noncommittal.
You were not hungry.

You visited 2 branches of the dungeon, and saw 7 of its levels.

You collected 229 gold pieces.

Inventory:

Hand Weapons
 a - a +0 war axe
 x - a +0 war axe (weapon)
Armour
 b - a +0 scale mail (worn)
 c - a +0 shield (worn)
 t - a +0 pair of gloves (worn)
Jewellery
 l - a +5 ring of protection (left hand)
Wands
 o - a wand of flame (16/48)
 D - a wand of confusion (22/48)
Scrolls
 h - 2 scrolls of enchant armour {unknown}
 m - 2 scrolls of fear
 n - 2 scrolls of magic mapping
 q - a scroll of teleportation {unknown}
 r - a scroll of recharging {unknown}
 u - 2 scrolls of noise {unknown}
 y - a scroll of blinking {unknown}
 C - 6 scrolls of identify
Potions
 d - 2 potions of might
 e - 2 potions of mutation {unknown}
 g - 2 potions of flight {unknown}
 i - a potion of haste {unknown}
 j - a potion of invisibility {unknown}
 k - 3 potions of lignification
 p - 2 potions of curing {unknown}
 v - a potion of magic {unknown}
 w - a potion of heal wounds {unknown}
 B - a potion of agility {unknown}
Books
 s - a book of Maledictions

   Spells                             Type                      Level
   a - Corona                         Hexes                        1
   b - Ensorcelled Hibernation        Hexes/Ice                    2
   c - Confuse                        Hexes                        3
   d - Tukima's Dance                 Hexes                        3
   e - Dazzling Spray                 Conjuration/Hexes            3
Comestibles
 f - 2 bread rations
 z - 2 fruits
 A - a royal jelly


   Skills:
 + Level 5.6 Fighting
 + Level 7.5 Axes
 + Level 5.5 Armour
 + Level 3.1 Dodging
 + Level 1.2 Stealth
 + Level 5.3 Shields


You had 7 spell levels left.
You didn't know any spells.

Dungeon Overview and Level Annotations

Branches:
Dungeon (6/15)             Temple (1/1) D:5

Altars:
Ashenzari
Elyvilon
Fedhas
Gozag
Hepliaklqana
Makhleb
Nemelex Xobeh
Okawaru
Qazlal
Ru
Sif Muna
Trog
Uskayaw
Vehumet
Xom
Yredelemnul
Zin
The Shining One


Innate Abilities, Weirdness & Mutations

You reflexively headbutt those who attack you in melee.
You have a pair of horns on your head.


Message History

You headbutt the orc warrior, but do no damage.
The orc warrior is lightly wounded.
You slash the worker ant! You closely miss the ogre.
You block the worker ant's attack. You block the ogre's attack.
You block the orc warrior's attack.
You hit the orc warrior but do no damage.
The orc warrior is lightly wounded.
You slash the ogre! You slash the worker ant!
You kill the worker ant!
Okawaru accepts your kill.
You have reached level 8!
You feel stronger. The ogre hits you with a giant club!
The orc warrior hits you with a war axe!
You hit the orc warrior.
The orc warrior is lightly wounded.
You barely miss the ogre. The ogre hits you with a giant club!!
* * * LOW HITPOINT WARNING * * *
The orc warrior hits you with a war axe!
You die...

########### ###
##.........#####.<
.................>
###
.....####.##...###
#).##... #....###
#...##.# #..###
#...#.# .##..#
#((#O#{.##...#
..###@oJ###....#
........8........#
#...###...###...##
.. +#.#'.##..#
#.#...##.# #.#
...#.# ... .?#..
... ###.## ...


You could see an orc warrior, an ogre and a jelly.

Vanquished Creatures
  2 ice beasts (D:5)
  An ogre (D:5)
  A centaur (D:6)
  2 howler monkeys
  3 hounds
  An orc priest (D:3)
  2 bullfrog skeletons (D:5)
  2 orc wizards
  An iguana (D:4)
  A worker ant (D:6)
  A hound skeleton (D:5)
  2 worker ant zombies (D:5)
  4 gnolls (D:4)
  11 adders
  An adder skeleton (D:6)
  3 worms
  2 dart slugs
  A leopard gecko (D:3)
  12 orcs
  4 giant cockroaches
  5 hobgoblins
  11 jackals
  4 quokkas
  8 bats
  8 frilled lizards
  12 goblins
  8 kobolds
  6 rats
119 creatures vanquished.

Notes
Turn   | Place    | Note
-------+----------+-------------------------------------------
     0 | D:1      | QuCean the Minotaur Fighter began the quest for the Orb.
     0 | D:1      | Reached XP level 1. HP: 19/19 MP: 0/0
   349 | D:1      | Reached XP level 2. HP: 27/27 MP: 1/1
   953 | D:2      | Reached XP level 3. HP: 33/33 MP: 2/2
  1385 | D:2      | Reached skill level 3 in Axes
  1551 | D:2      | Found a glowing silver altar of Zin.
  1807 | D:3      | Reached XP level 4. HP: 31/40 MP: 3/3
  1823 | D:3      | Reached skill level 1 in Dodging
  1828 | D:3      | Reached skill level 4 in Axes
  1917 | D:3      | Reached XP level 5. HP: 36/47 MP: 4/4
  2044 | D:3      | Found a hazy altar of Hepliaklqana.
  2480 | D:3      | Found a hide-covered altar of Uskayaw.
  2925 | D:4      | Reached skill level 5 in Axes
  2925 | D:4      | Reached XP level 6. HP: 47/53 MP: 5/5
  3606 | D:5      | Entered Level 5 of the Dungeon
  3741 | D:5      | Noticed an ice beast
  3752 | D:5      | Killed an ice beast
  3752 | D:5      | Reached skill level 6 in Axes
  3752 | D:5      | Reached skill level 5 in Armour
  4073 | D:5      | Reached XP level 7. HP: 57/60 MP: 6/6
  4207 | D:5      | Reached skill level 5 in Fighting
  4207 | D:5      | Reached skill level 5 in Shields
  4434 | D:5      | Found a staircase to the Ecumenical Temple.
  4476 | Temple   | Entered the Ecumenical Temple
  4543 | Temple   | Became a worshipper of Warmaster Okawaru
  4764 | D:5      | Found a bloodstained altar of Trog.
  4987 | D:5      | Reached skill level 7 in Axes
  4987 | D:5      | Reached skill level 1 in Stealth
  5281 | D:6      | Reached XP level 8. HP: 53/69 MP: 7/7
  5282 | D:6      | HP: 3/69 [ogre/giant club (25)]
  5282 | D:6      | Mangled by an orc warrior

Skill      XL: |  1  2  3  4  5  6  7 |
---------------+----------------------+-----
Fighting       | 4 5 |  5.6
Armour         | 4 5 |  5.5
Axes           | 3 4 5 6 7 |  7.5
Shields        | 4 5 |  5.3
Dodging        | 1 2 3 |  3.1
Stealth        | 1 |  1.2

Action                   |  1- 3 |  4- 6 |  7- 9 || total
-------------------------+-------+-------+-------++-------
Melee: War axe           |    94 |   134 |    57 ||   285
       Headbutt          |    12 |    18 |    12 ||    42
  Use: Scroll            |       |     4 |       ||     4
  Eat: Chunk             |     3 |     2 |     2 ||     7
       Bread ration      |       |     1 |       ||     1
       Fruit             |       |     1 |     2 ||     3
Armor: Scale mail        |    82 |    89 |    26 ||   197
Dodge: Dodged            |    38 |    47 |    23 ||   108
Block: Shield            |    54 |    75 |    39 ||   168
